 Dungeon Crawl Stone Soup version 0.23.2-33-g5129a83184 (webtiles) character file.

Game seed: 1739209299978355317

428 Folque the Conjurer (level 6, -1/47 HPs)
             Began as a Demigod Conjurer on July 13, 2019.
             Slain by an ogre
             ... wielding a +0 giant club
              (17 damage)
             ... on level 4 of the Dungeon.
             The game lasted 00:08:25 (2909 turns).

Folque the Conjurer (Demigod Conjurer)              Turns: 2909, Time: 00:08:26

Health: -1/47      AC:  3    Str: 11    XL:     6   Next: 38%
Magic:  4/14       EV: 12    Int: 23    God:
Gold:   262        SH:  0    Dex: 16    Spells: 1/11 levels left

rFire    . . .     SeeInvis .   h - +1 short sword (venom)
rCold    . . .     Gourm    .   (no shield)
rNeg     . . .     Faith    .   a - +0 robe
rPois    .         Spirit   .   x - +0 helmet
rElec    .         Reflect  .   (no cloak)
rCorr    .         Harm     .   (no gloves)
MR       .....                  (no boots)
Stlth    ++........             (no amulet)
HPRegen  0.15/turn              (no ring)
MPRegen  0.14/turn              (no ring)

@: no status effects
A: high mp 1
a: no special abilities


You were on level 4 of the Dungeon.
You were not hungry.

You visited 1 branch of the dungeon, and saw 4 of its levels.

You collected 262 gold pieces.

Inventory:

Hand Weapons
 b - a +0 hand axe
 h - a +1 short sword of venom (weapon)
 p - a +0 blowgun
Missiles
 d - 62 poisoned needles
Armour
 a - a +0 robe (worn)
 j - a +0 ring mail
 x - a +0 helmet (worn)
Jewellery
 s - an uncursed ring of positive energy {unknown}
Wands
 l - a wand of random effects (22)
 m - a wand of polymorph (13)
 v - a wand of paralysis (3)
Scrolls
 e - 8 scrolls of identify {unknown}
 g - a scroll of fear {unknown}
 i - 2 scrolls of immolation {unknown}
 n - a scroll of blinking {unknown}
 q - a scroll of random uselessness {unknown}
 t - a scroll of amnesia {unknown}
Potions
 f - a potion of degeneration {unknown}
 o - 2 potions of might {unknown}
 r - a potion of agility {unknown}
 u - a potion of mutation {unknown}
 w - 2 potions of flight {unknown}
Comestibles
 c - 8 rations
 k - a chunk of flesh


   Skills:
 - Level 1.5 Fighting
 - Level 1.7 Dodging
 - Level 1.7 Stealth
 - Level 3.4 Spellcasting
 + Level 5.5 Conjurations
 * Level 2.5 Hexes


You had one spell level left.
You knew the following spells:

 Your Spells              Type           Power        Failure   Level  Hunger
a - Magic Dart            Conj           ####         1%          1    None
b - Searing Ray           Conj           ####..       1%          2    ##.....
c - Dazzling Spray        Conj/Hex       ###...       6%          3    ###....
d - Fulminant Prism       Conj/Hex       ###.......   21%         4    ####...

Your spell library contained the following spells:

 Spells                   Type           Power        Failure   Level  Hunger
 Corona                   Hex            ###....      3%          1    None
 Ensorcelled Hibernation  Hex/Ice        #.....       10%         2    ##.....
 Iskenderun's Mystic Bla  Conj           ####....     11%         4    ####...
 Confuse                  Hex            ###.....     12%         3    ###....
 Tukima's Dance           Hex            ###.....     12%         3    ###....
 Force Lance              Conj/Tloc      ###.....     34%         4    ####...


Dungeon Overview and Level Annotations

Branches:
Dungeon (4/15)             Temple (0/1) D:4

Shops:
D:3 *

Annotations:
D:4 Eustachio


Innate Abilities, Weirdness & Mutations

You have an increased reservoir of magic. (+10% MP)


Message History

Aim: an ogre, wielding a +0 giant club (moderately wounded, blind)
The searing ray misses Eustachio.
The searing ray hits the ogre.
The ogre is moderately wounded. (Press . to maintain the ray.) Eustachio closely misses you.
The searing ray hits Eustachio.
Eustachio is lightly wounded.
The ogre hits you with a +0 giant club!!
The ogre is no longer blind.
Eustachio is no longer blind.
Eustachio mumbles some strange words.
Eustachio blinks!
Some of the chunks of flesh in your inventory have rotted away.
Casting: Searing Ray (safe; 1% risk of failure)
Confirm with . or Enter, or press ? or * to list all spells.
Aiming: Fulminant Prism (slightly dangerous; 21% risk of failure)
Press: ? - help, Dir - move target cursor, p - ogre You conjure a prism of explosive energy!
The ogre hits you with a +0 giant club!
You die...

#........#
#####........#
#............###
#..............#
#..........+##+.#
# #..........# .
##########....## .
#..........*@O# .
#............@# #
#.............##
#.รท............#
#.............##
####.............#
.......########..#
.......# ##...
.......# #...
.......# #..


You could see Eustachio, an ogre and a friendly fulminant prism.

Vanquished Creatures
  A phantom (D:4)
  3 hounds (D:4)
  An orc priest (D:4)
  2 orc wizards (D:3)
  Terence (D:2)
  3 adders
  4 oozes
  4 worms
  4 dart slugs
  2 leopard geckos
  6 orcs (D:3)
  4 giant cockroaches
  10 goblins
  5 hobgoblins
  5 jackals
  A quokka (D:2)
  3 ball pythons
  7 bats
  3 frilled lizards
  9 kobolds
  6 rats
84 creatures vanquished.

Notes
Turn   | Place    | Note
-------+----------+-------------------------------------------
     0 | D:1      | Folque the Demigod Conjurer began the quest for the Orb.
     0 | D:1      | Reached XP level 1. HP: 14/14 MP: 5/5
   548 | D:1      | Reached XP level 2. HP: 14/22 MP: 7/7
   646 | D:1      | HP: 1/22 [bat (1)]
   670 | D:1      | Reached skill level 4 in Conjurations
   976 | D:2      | Reached skill level 1 in Fighting
  1075 | D:2      | Learned a level 2 spell: Searing Ray
  1079 | D:2      | Reached XP level 3. HP: 28/28 MP: 5/9
  1238 | D:2      | Noticed Terence
  1261 | D:2      | Killed Terence
  1261 | D:2      | Reached XP level 4. HP: 13/35 MP: 2/11
  1275 | D:2      | Learned a level 3 spell: Dazzling Spray
  1744 | D:3      | Found Zin's Purification Station.
  1747 | D:3      | Found a glowing silver altar of Zin.
  1831 | D:3      | Found a sacrificial altar of Ru.
  1888 | D:3      | Found a blossoming altar of Fedhas.
  2076 | D:3      | Reached XP level 5. HP: 40/40 MP: 8/13
  2370 | D:3      | Reached skill level 1 in Hexes
  2598 | D:4      | Reached skill level 5 in Conjurations
  2671 | D:4      | Found a staircase to the Ecumenical Temple.
  2712 | D:4      | Reached XP level 6. HP: 24/47 MP: 14/14
  2721 | D:4      | Learned a level 4 spell: Fulminant Prism
  2897 | D:4      | Noticed Eustachio
  2909 | D:4      | Slain by an ogre

Skill      XL: |  1  2  3  4  5  6 |
---------------+-------------------+-----
Spellcasting   | 2 3 |  3.4
Conjurations   | 4 5 |  5.5
Fighting       | 1 |  1.5
Hexes          | 1 2 |  2.5
Dodging        | |  1.7
Stealth        | |  1.7

Action                   |  1- 3 |  4- 6 || total
-------------------------+-------+-------++-------
Melee: Hand axe          |    64 |       ||    64
       Short sword       |    13 |    77 ||    90
 Cast: Magic Dart        |     7 |     6 ||    13
       Searing Ray       |     5 |    16 ||    21
       Fulminant Prism   |       |     1 ||     1
       Dazzling Spray    |       |     1 ||     1
  Use: Potion            |     1 |       ||     1
 Stab: Sleeping          |     8 |     6 ||    14
  Eat: Chunk             |     1 |     6 ||     7
Armor: Robe              |    33 |    11 ||    44
Dodge: Dodged            |    75 |    60 ||   135
